 Dungeon Crawl Stone Soup version 0.28.0-49-g6dfe1f597d (webtiles) character file.

Game seed: 14929813711973936536

4714 101zpm the Thaumaturge (level 10, -4/54 HPs)
             Began as a Djinni Fire Elementalist on May 14, 2022.
             Was a Believer of Hepliaklqana.
             Slain by a killer bee (6 damage)
             ... on level 9 of the Dungeon.
             The game lasted 00:18:06 (8982 turns).

101zpm the Thaumaturge (Djinni Fire Elementalist)   Turns: 8982, Time: 00:18:07

Health: -4/54      AC:  2    Str:  7    XL:     10   Next: 73%
Gold:   224        EV: 12    Int: 22    God:    Hepliaklqana [**....] SH:  5 Dex: 13

rFire   + . .      SeeInvis +   C - +14 obsidian axe {vorpal, Mesm Drain Fly SInv}
rCold   . . .      Faith    .   (no shield)
rNeg    . . .      Spirit   .   a - +0 robe
rPois   ∞          Reflect  +   (no helmet)
rElec   .          Harm     .   (no cloak)
rCorr   .          Rampage  .   (no gloves)
Will    +....                   (boots unavailable)
Stlth   +++.......              n - amulet of reflection
HPRegen 0.18/turn               h - ring of ice
MPRegen 0.00/turn               (no ring)

@: flying, mesmerised
A: reduced essence, sickness immunity, fire resistance 2, cold vulnerability 1,
float, innate caster, HP casting, extra vitality 1
a: Renounce Religion, Ancestor Life: Knight, Ancestor Life: Battlemage, Ancestor
Life: Hexer, Recall Ancestor, Ancestor Identity


You were on level 9 of the Dungeon.
You worshipped Hepliaklqana.
Hepliaklqana was pleased with you.
You visited 2 branches of the dungeon, and saw 10 of its levels.
You also visited: Bailey.

You collected 224 gold pieces.

Inventory:

Hand Weapons
 C - the +14 obsidian axe (weapon) {vorpal, Mesm Drain Fly SInv}
   (You found it on level 8 of the Dungeon)

   It inflicts extra damage upon your enemies.
   It occasionally summons demons to assist the wielder when it strikes in
   combat.
   Its wielder is mesmerised by any visible foes.
   It cannot be unequipped while any foes are visible.
   SInv:      It lets you see invisible.
   Fly:       It grants you flight.
   Drain:     It drains your maximum health when unequipped.
Missiles
 A - 3 throwing nets
Armour
 a - a +0 robe (worn)
 s - a +0 cloak
Jewellery
 h - a ring of ice (left hand)
 n - an amulet of reflection (around neck)
Wands
 z - a wand of iceblast (8)
Scrolls
 b - 2 scrolls of amnesia {unknown}
 c - a scroll of fear {unknown}
 d - 3 scrolls of summoning {unknown}
 g - a scroll of vulnerability {unknown}
 k - 2 scrolls of immolation {unknown}
 l - 2 scrolls of enchant armour {unknown}
 m - 2 scrolls of noise {unknown}
 o - 4 scrolls of identify {unknown}
 p - 2 scrolls of teleportation {unknown}
 q - a scroll of brand weapon {unknown}
 y - a scroll of holy word {unknown}
Potions
 e - a potion of berserk rage {unknown}
 f - 4 potions of brilliance {unknown}
 i - 5 potions of heal wounds {unknown}
 j - 3 potions of flight {unknown}
 r - 3 potions of haste {unknown}
 t - 4 potions of cancellation {unknown}
 u - a potion of magic {unknown}
 v - 3 potions of might {unknown}
 w - 4 potions of mutation {unknown}
 x - a potion of invisibility {unknown}
 B - 2 potions of curing {unknown}


   Skills:
 + Level 0.8 Fighting
 + Level 3.0 Dodging
 + Level 4.3 Stealth
 + Level 11.2 Spellcasting


You had 8 spell levels left.
You knew the following spells:

 Your Spells              Type           Power      Damage    Failure   Level
a - Foxfire               Conj/Fire      100%       2x1d9     1%          1
b - Scorch                Fire           100%       2d10      1%          2
c - Conjure Flame         Conj/Fire      58%        6-21      1%          3
d - Inner Flame           Hex/Fire       58%        N/A       1%          3
e - Flame Wave            Conj/Fire      58%        2d11      1%          4
f - Summon Small Mammal   Summ           100%       N/A       1%          1
g - Wereblood             Tmut           58%        N/A       1%          2
h - Summon Guardian Gole  Hex/Summ       58%        N/A       1%          3
i - Anguish               Hex/Necr       29%        N/A       1%          4
Your spell library was empty.

Dungeon Overview and Level Annotations

Branches:
Dungeon (9/15)             Temple (1/1) D:5          Bailey (visited)
   Lair: D:8-11         Orc: D:9-12

Altars:
Ashenzari
Cheibriados
Dithmenos
Elyvilon
Fedhas
Gozag
Hepliaklqana
Kikubaaqudgha
Nemelex Xobeh
Okawaru
Qazlal
Ru
Sif Muna
Trog
Uskayaw
Vehumet
Wu Jian
Xom
Yredelemnul
Zin
The Shining One

Shops:
D:4 [   D:7 [

Annotations:
D:6 2 transporters


Innate Abilities, Weirdness & Mutations

Your life essence is reduced to manifest your ancestor. (-10% HP)
You are immune to sickness and miasma.
You are immune to poison.
Your flesh is very heat resistant. (rF++)
You are vulnerable to cold. (rC-)
You float through the air rather than walking.
You learn spells naturally, not from books.
Your magical power is your life essence.
You have superior vitality. (+4 MHP)


Message History

* * * LOW HITPOINT WARNING * * *
The foxfire hits the killer bee!
Flame seeps out of the killer bee.
The killer bee is heavily wounded.
The killer bee is engulfed in blazing flames.
Flame seeps out of the killer bee.
The foxfire hits the killer bee.
Flame seeps out of the killer bee.
The killer bee is almost dead.
Ntombi hits the killer bee!
You break out of your daze!
The killer bee explodes!
Ntombi avoids your attack.
You hear an angry buzzing noise. x2
You start resting.
A killer bee comes into view.
A killer bee is nearby!
Casting: Foxfire (safe; 1% risk of failure)
Press: ? - help, Q - select action, (/) - cycle Dir - look around, f - activate You conjure some foxfire!
* * * LOW HITPOINT WARNING * * *
Visions of slaying the killer bee flood into your mind.
Your foxfire dissipates!
A killer bee comes into view.
There are no items here.
There are no items here.
The foxfire hits the killer bee.
The killer bee is moderately wounded.
A killer bee comes into view.
The foxfire hits the killer bee.
The killer bee is heavily wounded.
A killer bee comes into view.
The killer bee barely misses Ntombi.
A killer bee comes into view.
Ntombi misses the killer bee.
The killer bee stings Ntombi!
You are too injured to fight recklessly!
You miss the killer bee. You punch the killer bee.
The killer bee is lightly wounded.
Visions of slaying the killer bee flood into your mind.
You block the killer bee's attack.
The killer bee stings Ntombi!
The killer bee stings you.
You die...

.........#
.........#
.........#
..y......
.......☼☼
........#
....yyy.#
#.°Ry#####.#
###.@.......
#..##...(.
#... ..(.
##### ... ..
#


You could see the friendly Ntombi the ancestor and 5 killer bees.

Vanquished Creatures
  Erica (D:8)
  2 death yaks (D:8)
  An orc knight (Bailey)
  Joseph (D:8)
  A water moccasin (D:5)
  2 sky beasts (D:6)
  A black bear (D:6)
  A necrophage (D:7)
  An ogre (D:5)
  A centaur (D:8)
  A phantom (D:5)
  A bullfrog (D:7)
  A scorpion (D:4)
  8 wights
  An electric eel (D:7)
  2 centaur zombies
  A bullfrog zombie (D:6)
  7 orc priests
  2 hounds
  A jelly (D:7)
  3 gnoll shamans
  3 orc wizards
  22 gnolls
  8 adders
  A white imp (D:5)
  An adder zombie (D:5)
  An adder skeleton (D:4)
  A worm (D:3)
  2 dart slugs
  37 orcs
  4 ball pythons
  3 endoplasms (D:3)
  2 giant cockroaches
  2 goblins (D:3)
  4 hobgoblins
  A jackal (D:2)
  6 kobolds
  4 quokkas
  A bat (D:2)
  5 frilled lizards
  A rat (D:2)
149 creatures vanquished.

Vanquished Creatures (collateral kills)
  A killer bee (D:9)
  A quokka (D:8)
  A rat (D:8)
  3 foxfires
6 creatures vanquished.

Vanquished Creatures (others)
  453 foxfires
  4 plants (D:7)
457 creatures vanquished.

Grand Total: 612 creatures vanquished

Notes
Turn   | Place    | Note
-------+----------+-------------------------------------------
     0 | D:1      | 101zpm the Djinni Fire Elementalist began the quest for the
                  | Orb.
     0 | D:1      | Reached XP level 1. HP: 15/15 MP: 0/0
   250 | D:2      | Reached XP level 2. HP: 16/21 MP: 0/0
   671 | D:2      | Reached skill level 3 in Spellcasting
   674 | D:2      | Reached XP level 3. HP: 16/25 MP: 0/0
   674 | D:2      | Learned a level 1 spell: Summon Small Mammal
  1903 | D:3      | Reached XP level 4. HP: 25/31 MP: 0/0
  3028 | D:4      | Reached XP level 5. HP: 31/35 MP: 0/0
  3028 | D:4      | Learned a level 2 spell: Wereblood
  3059 | D:4      | Reached skill level 4 in Spellcasting
  3112 | D:4      | Found Amoijoeg's Armour Shoppe.
  3337 | D:4      | Reached XP level 6. HP: 36/40 MP: 0/0
  3340 | D:5      | Entered Level 5 of the Dungeon
  3639 | D:5      | Noticed a water moccasin
  3641 | D:5      | Reached skill level 5 in Spellcasting
  3644 | D:5      | Killed a water moccasin
  3645 | D:5      | Reached XP level 7. HP: 34/45 MP: 0/0
  3645 | D:5      | Learned a level 3 spell: Summon Guardian Golem
  4184 | D:5      | Reached skill level 6 in Spellcasting
  4429 | D:5      | Found a staircase to the Ecumenical Temple.
  4438 | Temple   | Entered the Ecumenical Temple
  4642 | Temple   | Became a worshipper of Hepliaklqana the Forgotten
  4694 | D:6      | Found a transporter.
  4750 | D:6      | Found a transporter.
  4911 | D:6      | Reached XP level 8. HP: 36/50 MP: 0/0
  5577 | D:6      | Noticed a toenail golem
  5657 | D:6      | Reached skill level 7 in Spellcasting
  5864 | D:8      | Noticed Joseph
  6102 | D:7      | Found a flagged portal.
  6112 | Bailey   | Entered a bailey
  6546 | Bailey   | Noticed an orc knight
  6550 | Bailey   | Killed an orc knight
  6551 | Bailey   | Reached skill level 8 in Spellcasting
  6551 | Bailey   | Reached XP level 9. HP: 47/56 MP: 0/0
  6551 | Bailey   | Learned a level 4 spell: Anguish
  6968 | D:7      | Found Kozuowai's Armour Emporium.
  7207 | D:7      | Reached * piety under Hepliaklqana
  7479 | D:7      | Reached skill level 9 in Spellcasting
  7951 | D:8      | Found the +14 obsidian axe {vorpal, Mesm Drain Fly SInv}
  8165 | D:8      | Noticed Erica
  8169 | D:8      | Killed Erica
  8170 | D:8      | Reached XP level 10. HP: 46/54 MP: 0/0
  8348 | D:8      | Reached skill level 10 in Spellcasting
  8571 | D:8      | Killed Joseph
  8845 | D:8      | Noticed a death yak
  8848 | D:8      | Noticed a death yak
  8851 | D:8      | Noticed a death yak
  8852 | D:8      | Killed a death yak
  8861 | D:8      | Killed a death yak
  8862 | D:8      | Reached skill level 11 in Spellcasting
  8963 | D:9      | Reached ** piety under Hepliaklqana
  8982 | D:9      | Slain by a killer bee

Illustrated notes

Levels and vault maps discovered:
D:1:      saegor_arrival_simple_d, layout_loops_ring,
          dilly_ecumenical_altar_fadedgnrine, minmay_misc_feat_chi, minivault_5,
          minmay_misc_feat_four_crosses
D:2:      minmay_skewed_foursquare, layout_basic
D:3:      layout_rooms, hex_medium, minivault_26, kennysheep_donut,
          grunt_decor_arrowhead
D:4:      layout_gridville, serial_shops, nicolae_shop_waterfront,
          grunt_tough_drop
D:5:      layout_loops_ring, minmay_temple_entry_trees
D:6:      layout_basic, gammafunk_ghost_abyssal_escape
D:7:      layout_cave_pools, enter_bailey_2, chequers_big_river,
          kennysheep_big_empty_room, kennysheep_windowed_goal
D:8:      layout_loops_ring, dpeg_lair_monsters, gammafunk_ghost_grave,
          kennysheep_cluttered_room, chequers_serial_rivers_micro_b,
          dreamdust_deal_with_the_devil, uniq_erica, uniq_pikel, uniq_joseph
D:9:      layout_rooms, minivault_19, patterned_corridor
Temple:   kilobyte_greek_temple

Skill      XL: |  1  2  3  4  5  6  7  8  9 10 |
---------------+-------------------------------+-----
Spellcasting   | 3 4 5 6 8 9 11 | 11.2
Stealth        | 2 3 4 |  4.3
Dodging        | 3 |  3.0
Fighting       | |  0.8

Action                   |  1- 3 |  4- 6 |  7- 9 | 10-12 || total
-------------------------+-------+-------+-------+-------++-------
Melee: Broad axe         |       |       |       |     1 ||     1
       Punch             |       |       |       |     1 ||     1
 Cast: Foxfire           |    81 |    70 |   116 |    35 ||   302
       Scorch            |    10 |    16 |    36 |    13 ||    75
       Inner Flame       |     1 |     9 |    45 |    15 ||    70
       Summon Small Mamm |       |       |     1 |       ||     1
Armor: Robe              |     2 |       |       |       ||     2
Dodge: Dodged            |     4 |     3 |    10 |     1 ||    18
Block: Other             |       |       |     2 |     1 ||     3
